 Dungeon Crawl Stone Soup version 0.31-a0-700-gf13585253f (webtiles) character file.

Game seed: 3480457240036914965

535 qw the Shooter (level 7, -4/43 HPs)
             Began as a Gargoyle Hunter on Sept 7, 2023.
             Slain by Duvessa
             ... wielding a +4 short sword of draining
              (8 damage)
             ... on level 4 of the Dungeon.
             The game lasted 00:01:15 (3022 turns).

qw the Shooter (Gargoyle Hunter)                    Turns: 3022, Time: 00:01:16

Health: -4/43      AC: 11    Str: 15    XL:     7   Next: 25%
Magic:  7/7        EV: 11    Int:  9    God:
Gold:   201        SH:  0    Dex: 15    Spells: 6/6 levels left

rFire   . . .        Y - +0 orcbow
rCold   . . .        (shield currently unavailable)
rNeg    + . .        b - +0 ring mail
rPois   inf          i - +0 helmet
rElec   +            (no cloak)
rCorr   .            (no gloves)
SInv    .            (no boots)
Will    .....        (no amulet)
Stlth   +            (no ring)
HPRegen 0.27/turn    (no ring)
MPRegen 0.10/turn

%: no passive effects
@: no status effects
A: sickness immunity, AC +4, negative energy resistance 1, electricity
resistance, torment resistance 1, petrification resistance
a: no special abilities


You were on level 4 of the Dungeon.
You visited 1 branch of the dungeon, and saw 4 of its levels.

You collected 201 gold pieces.


Innate Abilities, Weirdness & Mutations

You are immune to sickness and miasma.
Your stone body is resilient. (AC +4)
You are immune to poison.
You resist negative energy. (rN+)
You are resistant to electric shocks. (rElec)
You are resistant to unholy torment.
You are immune to petrification.


   Skills:
 - Level 4.0 Fighting
 + Level 7.7 Ranged Weapons
 - Level 1.2 Armour
 - Level 1.5 Dodging
 - Level 1.1 Stealth


You had 6 spell levels left.
You didn't know any spells.
Your spell library was empty.

Inventory:

Hand Weapons
 Y - a +0 orcbow (weapon)
Armour
 b - a +0 ring mail (worn)
 i - a +0 helmet (worn)
Scrolls
 f - a scroll of identify
Potions
 e - a potion of curing
 g - 2 potions of haste
 h - a potion of invisibility {unknown}
 k - a potion of cancellation

Dungeon Overview and Level Annotations

Branches:
Dungeon (4/15)
 Temple: D:4-7

Altars:
Hepliaklqana
Ru
Uskayaw

Annotations:
D:4 Dowan, Duvessa


Message History

You shoot an arrow.
The arrow hits Duvessa but does no damage.
Duvessa is lightly wounded.
Dowan smirks and points a slender finger.
You shoot an arrow. The arrow hits Duvessa.
Duvessa is moderately wounded.
You shoot an arrow. The arrow barely misses Duvessa.
The arrow closely misses Dowan.
Duvessa gestures with her weapon.
Dowan smirks and points a slender finger.
You shoot an arrow. The arrow hits Duvessa.
Duvessa is moderately wounded.
Duvessa hits you but does no damage. Dowan completely misses you.
Duvessa hits you with a +4 short sword of draining!
You shoot an arrow. The arrow barely misses Duvessa.
Duvessa closely misses you. Dowan hits you but does no damage.
You shoot an arrow.
The arrow hits Duvessa but does no damage.
Duvessa is moderately wounded.
Duvessa hits you with a +4 short sword of draining.
Dowan barely misses you.
You shoot an arrow. The arrow hits Duvessa!
Duvessa is heavily wounded.
Duvessa barely misses you. Dowan barely misses you.
You shoot an arrow.
The arrow hits Duvessa but does no damage.
Duvessa is heavily wounded.
Duvessa hits you with a +4 short sword of draining.
Dowan hits you with a +0 dagger.
Duvessa hits you with a +4 short sword of draining.
Dowan hits you but does no damage.
You shoot an arrow.
The arrow hits Duvessa but does no damage.
Duvessa is heavily wounded.
Duvessa hits you with a +4 short sword of draining!
Dowan casts a spell.
Dowan blinks!
You shoot an arrow. The arrow barely misses Duvessa.
Duvessa hits you with a +4 short sword of draining!
You die...

#. #......##.#.#
# #......##.#.#
####.####.#.####
#.####......#
#...##......#
###..#......#
##.#......#
#........#
##..e@####
####.# #..# #..#
#e.# #..# #..#
#...


You could see Duvessa and Dowan.

Vanquished Creatures
  Sigmund (D:4)
  A black bear (D:3)
  A scorpion (D:4)
  2 orc priests (D:3)
  4 gnolls (D:3)
  5 adders
  4 worms (D:2)
  2 orcs
  9 ball pythons
  3 bats
  6 endoplasms
  3 giant cockroaches
  4 goblins
  6 hobgoblins
  10 jackals (D:1)
  5 quokkas
  5 frilled lizards
  6 kobolds
  4 rats
81 creatures vanquished.

Notes
Turn   | Place    | Note
-------+----------+-------------------------------------------
     0 | D:1      | qw the Gargoyle Hunter began the quest for the Orb.
     0 | D:1      | Reached XP level 1. HP: 12/12 MP: 1/1
     0 | D:1      | 0 ||| qw: Version: 0.3-a-76-g4403597
     0 | D:1      | 0 ||| qw: Game counter: 666
     0 | D:1      | 0 ||| qw: Melee chars always use a shield: true
     0 | D:1      | 0 ||| qw: God list: Okawaru
     0 | D:1      | 0 ||| qw: Allow faded altars: false
     0 | D:1      | 0 ||| qw: Do Orc after clearing Dungeon:15 true
     0 | D:1      | 0 ||| qw: Do second Lair branch before Depths: true
     0 | D:1      | 0 ||| qw: Lair rune preference: random
     0 | D:1      | 0 ||| qw: Goals: Normal
     0 | D:1      | 0 ||| PLANNING D:1-11
   205 | D:1      | Reached XP level 2. HP: 17/17 MP: 2/2
   282 | D:1      | HP: 2/17 [jackal (3)]
   746 | D:1      | Reached XP level 3. HP: 21/21 MP: 3/3
   748 | D:1      | Reached skill level 5 in Ranged Weapons
   834 | D:1      | 834 ||| SWAPPING to +0 orcbow.
   835 | D:1      | 835 ||| DROPPING +0 shortbow.
  1115 | D:1      | 1115 ||| UPGRADING to +0 helmet.
  1120 | D:1      | 1120 ||| READING scroll labelled GAINGAINIT.
  1121 | D:1      | 1121 ||| READING scroll labelled SACIJU LIR QOINT.
  1122 | D:1      | 1122 ||| READING 5 scrolls labelled VUTWA FOSUEKO.
  1123 | D:1      | 1123 ||| READING scroll labelled RYEMYNKI GONGEM.
  1124 | D:1      | 1124 ||| DRINKING 2 glowing yellow potions.
  1125 | D:1      | 1125 ||| READING 4 scrolls of identify.
  1125 | D:1      | 1125 ||| IDENTIFYING ruby potion
  1126 | D:1      | 1126 ||| DROPPING scroll of butterflies.
  1192 | D:2      | HP: 5/22 [worm (7)]
  1350 | D:2      | Reached skill level 3 in Fighting
  1397 | D:2      | Found a faded altar of an unknown god.
  1437 | D:2      | Reached XP level 4. HP: 28/28 MP: 4/4
  1952 | D:2      | 1952 ||| READING scroll labelled GYSEANN QOUGH.
  2070 | D:2      | 2070 ||| READING scroll labelled ROYZOK GOIRISCH.
  2075 | D:2      | 2075 ||| READING scroll labelled MYBIUCOKIO.
  2076 | D:2      | 2076 ||| DRINKING 2 red potions.
  2077 | D:2      | 2077 ||| DRINKING 2 viscous inky potions.
  2084 | D:2      | 2084 ||| READING 3 scrolls of identify.
  2084 | D:2      | 2084 ||| IDENTIFYING inky potion
  2085 | D:2      | 2085 ||| READING 2 scrolls of identify.
  2085 | D:2      | 2085 ||| IDENTIFYING murky coppery potion
  2086 | D:2      | 2086 ||| DROPPING potion of magic.
  2087 | D:2      | 2087 ||| DROPPING potion of brilliance.
  2088 | D:2      | 2088 ||| DROPPING potion of ambrosia.
  2129 | D:3      | 2129 ||| RETREATING.
  2132 | D:3      | 2132 ||| Stepping ~*~*~tactically~*~*~ (retreating).
  2148 | D:3      | Reached XP level 5. HP: 26/32 MP: 5/5
  2219 | D:3      | Identified the +1 quarterstaff of the Baking Gods {holy,
                  | rN+ Stlth+}
  2239 | D:3      | Noticed a black bear
  2249 | D:3      | HP: 7/32 [black bear (2)]
  2251 | D:3      | Killed a black bear
  2252 | D:3      | Reached skill level 6 in Ranged Weapons
  2350 | D:3      | Found a hazy altar of Hepliaklqana.
  2393 | D:3      | Reached XP level 6. HP: 37/37 MP: 6/6
  2452 | D:3      | Found a sacrificial altar of Ru.
  2453 | D:3      | Found a hide-covered altar of Uskayaw.
  2477 | D:3      | Reached skill level 1 in Armour
  2644 | D:3      | 2644 ||| Stepping ~*~*~tactically~*~*~ (outnumbered).
  2645 | D:3      | 2645 ||| Stepping ~*~*~tactically~*~*~ (outnumbered).
  2748 | D:3      | 2748 ||| UPGRADING to +0 ring mail.
  2758 | D:3      | 2758 ||| DROPPING +0 leather armour.
  2759 | D:3      | 2759 ||| READING scroll labelled XICVEL ICIRESM.
  2760 | D:3      | 2760 ||| READING scroll labelled WUFUPO FAHOPT.
  2830 | D:4      | Noticed Sigmund
  2837 | D:4      | Killed Sigmund
  2838 | D:4      | Reached skill level 7 in Ranged Weapons
  2838 | D:4      | Reached XP level 7. HP: 32/43 MP: 7/7
  2838 | D:4      | 2838 ||| FLEEEEING.
  2839 | D:4      | 2839 ||| FLEEEEING.
  2840 | D:4      | 2840 ||| FLEEEEING.
  2841 | D:4      | 2841 ||| FLEEEEING.
  2842 | D:4      | 2842 ||| FLEEEEING.
  2843 | D:4      | 2843 ||| FLEEEEING.
  2844 | D:4      | 2844 ||| FLEEEEING.
  2845 | D:4      | 2845 ||| FLEEEEING.
  2846 | D:4      | 2846 ||| FLEEEEING.
  2847 | D:4      | 2847 ||| FLEEEEING.
  2848 | D:4      | 2848 ||| FLEEEEING.
  2849 | D:4      | 2849 ||| FLEEEEING.
  2850 | D:4      | 2850 ||| FLEEEEING.
  2851 | D:4      | 2851 ||| FLEEEEING.
  2852 | D:4      | 2852 ||| FLEEEEING.
  2853 | D:4      | 2853 ||| FLEEEEING.
  2854 | D:4      | 2854 ||| FLEEEEING.
  2855 | D:4      | 2855 ||| FLEEEEING.
  2856 | D:4      | 2856 ||| FLEEEEING.
  2857 | D:4      | 2857 ||| FLEEEEING.
  2858 | D:4      | 2858 ||| FLEEEEING.
  2859 | D:4      | 2859 ||| FLEEEEING.
  2860 | D:4      | 2860 ||| STAIRDANCE
  3010 | D:4      | Noticed Duvessa
  3011 | D:4      | Noticed Dowan
  3021 | D:4      | HP: 4/43 [Duvessa/+4 short sword of draining (12)]
  3022 | D:4      | Slain by Duvessa

Levels and vault maps discovered:
D:1:      saegor_arrival_simple_e, layout_loops_corners, serial_forest,
          infiniplex_forest_end_1, infiniplex_forest_zigzag_2,
          infiniplex_forest_clump_long, infiniplex_forest_lined_2,
          infiniplex_forest_zigzag_2, roderic_serpentine_path
D:2:      layout_loops_corners, serial_glass, glass_columns_b, glass_columns_a,
          feat_on_display, hellmonk_ecumenical_altar_arch_garden,
          wad_woods_river_04, dreamdust_princess_bridge
D:3:      layout_basic, amcnicky_altar_gilded, nicolae_overflow_squiral,
          minmay_quantized
D:4:      layout_basic, uniq_sigmund, uniq_duvessa, uniq_menkaure

Skill      XL: |  1  2  3  4  5  6 |
---------------+-------------------+-----
Ranged Weapons | 5 6 7 |  7.7
Fighting       | 3 4 |  4.0
Armour         | 1 |  1.2
Dodging        | |  1.5
Stealth        | |  1.1

Action                     |  1- 3 |  4- 6 |  7- 9 || total
---------------------------+-------+-------+-------++-------
   Fire: Shortbow          |    85 |       |       ||    85
         Orcbow            |    53 |   117 |    37 ||   207
    Use: Scroll            |     5 |     7 |       ||    12
         Potion            |     1 |     2 |       ||     3
 Armour: Leather armour    |    46 |    44 |       ||    90
         Ring mail         |       |     3 |    22 ||    25
  Dodge: Dodged            |    71 |    31 |    18 ||   120

Table legend:
 A = Non-vault XP
 B = Vault XP
 C = Vault XP percentage of total XP
 D = Non-vault monster count
 E = Vault monster count
 F = Vault count percentage of total count
                 A         B        C        D         E       F
            +---------+---------+-------+---------+---------+-------
      Total |     536 |     229 |  29.9 |      74 |       7 |   8.6
            +---------+---------+-------+---------+---------+-------
        D:1 |      49 |       0 |   0.0 |      27 |       0 |   0.0
        D:2 |      64 |       0 |   0.0 |      23 |       0 |   0.0
        D:3 |     320 |       6 |   1.8 |      18 |       6 |  25.0
        D:4 |     103 |     223 |  68.4 |       6 |       1 |  14.3
            +---------+---------+-------+---------+---------+-------
